AoeStats
← danjo

Four Lakes

509068153Analyzed
1v1 RM · 7d ago on Sep 25, 2026· 28m 20s· 2 players
Game mode
Random Map
Map size
Tiny (2 player)
Population
200
Speed
Normal
Resources
Standard
Victory
Conquest
Starting age
Dark Age
Ending age
Imperial Age
RankedLock teamsTeams togetherTeam positionsShared explorationLock speedFull tech treeHidden civsTurbo modeCheats
Victory
Defeat
🇩🇪 Malians · Germany
1133
+15
🇧🇴 Poles · Bolivia
1104
-15
Pjao
3:19 Loom
10:16 Feudal Age
10:51 Double-Bit Axe
10:49 Horse Collar
17:15 Castle Age
16:33 Stone Mining
18:28 Gold Mining
19:07 Bow Saw
18:59 Heavy Plow
23:02 Szlachta Privileges
24:30 Bloodlines
26:25 Scale Barding Armor
danjo
11:15 Feudal Age
10:26 Loom
16:08 Castle Age
15:06 Scale Barding Armor
15:13 Forging
18:10 Chain Barding Armor
19:51 Fishing Lines
21:24 Gillnets
21:37 Double-Bit Axe
24:54 Scale Mail Armor
25:30 Iron Casting
25:55 Chain Mail Armor
26:03 Gold Mining
Connection lost

Rejoining the realm…

Still unreachable

The connection could not be restored.

Session expired

The server has moved on; the page needs a fresh start.